[Event "FISU WUMSCC Women 2024"]
[Site "Entebbe"]
[Date "2024.06.28"]
[Round "7.1"]
[White "Salonika, Saina"]
[Black "Kubicka, Anna"]
[Result "1/2-1/2"]
[ECO "C76"]
[WhiteElo "2103"]
[BlackElo "2334"]
[Annotator "RC"]
[PlyCount "90"]
[EventDate "2024.06.24"]
[EventType "swiss"]
[EventCountry "UGA"]
[SourceTitle "playchess.com"]
[Source "ChessBase"]
[SourceQuality "1"]
[TimeControl "5400+30"]

1. e4 e5 2. Nf3 Nc6 3. Bb5 g6 4. O-O Bg7 5. c3 a6 6. Ba4 d6 7. d4 Bd7 8. d5 Nce7 9. Bxd7+ Qxd7 10. c4 h6 11. Ne1 f5 12. f3 Nf6 13. Nc3 O-O 14. Nd3 Rf7 15. Qe2 f4 16. Bd2 g5 17. b4 h5 18. a4 Bh6 19. b5 Rg7 20. c5 g4 21. c6 bxc6 22. dxc6 gxf3 23. Qxf3 Qe6 24. Nb4 Ng6 25. Be1 axb5 26. Nbd5 Nxd5 27. Nxd5 Rxa4 28. Rxa4 bxa4 29. Qxh5 Kh7 30. Ba5 Ne7 31. Qe8 Qg6 32. Qxg6+ Kxg6 33. Nxe7+ Rxe7 34. Ra1 Re8 35. Bxc7 Rc8 36. Bxd6 Rxc6 37. Bxe5 Re6 38. Bb2 Rxe4 39. Kf2 Rb4 40. Bc1 Rc4 41. Kf3 Rc3+ 42. Kg4 Rc2 43. Bxf4 Bxf4 44. Kxf4 Rxg2 45. Rxa4 Rxh2 1/2-1/2

[Event "FISU WUMSCC Women 2024"]
[Site "Entebbe"]
[Date "2024.06.28"]
[Round "7.3"]
[White "Aakanksha Hagawane"]
[Black "Kanakova, Natalie"]
[Result "1-0"]
[ECO "B30"]
[WhiteElo "2149"]
[BlackElo "2167"]
[Annotator "RC"]
[PlyCount "83"]
[EventDate "2024.06.24"]
[EventType "swiss"]
[EventCountry "UGA"]
[SourceTitle "playchess.com"]
[Source "ChessBase"]
[SourceQuality "1"]
[TimeControl "5400+30"]

1. e4 c5 2. Nf3 Nc6 3. Bb5 e6 4. O-O Nge7 5. Re1 a6 6. Bf1 d5 7. exd5 Nxd5 8. c3 Be7 9. d4 O-O 10. c4 Nf6 11. Be3 cxd4 12. Nxd4 Bd7 13. Nc3 Nxd4 14. Bxd4 Bc6 15. Qd3 Qc7 16. Be5 Qb6 17. Qg3 Rfc8 18. Rad1 Ne8 19. Ne4 Bxe4 20. Rxe4 Bf6 21. b3 Rd8 22. Red4 Rxd4 23. Rxd4 Qa5 24. Bxf6 Nxf6 25. Qf3 Rb8 26. a4 e5 27. Rd1 e4 28. Qe3 h6 29. h3 Qb4 30. c5 Rc8 31. Bc4 Kf8 32. c6 Rxc6 33. Rd8+ Ke7 34. Rb8 Rd6 35. Qf4 Kd7 36. Qf5+ Ke7 37. Qc8 Rd1+ 38. Kh2 Qd6+ 39. g3 Nd5 40. Qf8+ Ke6 41. Re8+ Kd7 42. Rd8+ 1-0

[Event "FISU WUMSCC Women 2024"]
[Site "Entebbe"]
[Date "2024.06.28"]
[Round "7.4"]
[White "Walter, Ema"]
[Black "Jarocka, Liwia"]
[Result "0-1"]
[ECO "B22"]
[WhiteElo "2099"]
[BlackElo "2237"]
[Annotator "RC"]
[PlyCount "70"]
[EventDate "2024.06.24"]
[EventType "swiss"]
[EventCountry "UGA"]
[SourceTitle "playchess.com"]
[Source "ChessBase"]
[SourceQuality "1"]
[TimeControl "5400+30"]

1. e4 c5 2. c3 Nf6 3. e5 Nd5 4. Nf3 Nc6 5. Bc4 Nb6 6. Bb3 d5 7. exd6 c4 8. Bc2 Qxd6 9. O-O Bg4 10. Re1 Ne5 11. Rxe5 Bxf3 12. Qe1 Bc6 13. b3 g6 14. Ba3 Qd7 15. Be4 e6 16. Bxf8 Kxf8 17. Bxc6 Qxc6 18. Na3 Kg7 19. Qe2 Rhc8 20. h4 a6 21. h5 Qd6 22. Nxc4 Nxc4 23. bxc4 Rxc4 24. Qxc4 Qxe5 25. hxg6 hxg6 26. f4 Qd6 27. Rd1 Rd8 28. a4 Qb6+ 29. d4 Rd5 30. Re1 Rf5 31. g3 Rh5 32. Rf1 Qb2 33. Rf2 Qc1+ 34. Rf1 Qc2 35. Rf2 Qe4 0-1

[Event "FISU WUMSCC Women 2024"]
[Site "Entebbe"]
[Date "2024.06.28"]
[Round "7.5"]
[White "Blanquet, Camille"]
[Black "Koubova, Anna Marie"]
[Result "1/2-1/2"]
[ECO "D27"]
[WhiteElo "2074"]
[BlackElo "2125"]
[Annotator "RC"]
[PlyCount "130"]
[EventDate "2024.06.24"]
[EventType "swiss"]
[EventCountry "UGA"]
[SourceTitle "playchess.com"]
[Source "ChessBase"]
[SourceQuality "1"]
[TimeControl "5400+30"]

1. d4 d5 2. c4 dxc4 3. e3 Nf6 4. Nf3 e6 5. Bxc4 Be7 6. O-O O-O 7. Nc3 a6 8. Bb3 b5 9. Qe2 c5 10. Rd1 cxd4 11. Nxd4 Qb6 12. e4 Nc6 13. Nf3 Rd8 14. Rxd8+ Nxd8 15. e5 Nd7 16. Bc2 Nf8 17. Bg5 Nc6 18. Qe4 Bb7 19. Qh4 Bxg5 20. Nxg5 h6 21. Nf3 Rd8 22. Re1 Nd4 23. Nxd4 Rxd4 24. Ne4 Rc4 25. Bd3 Qa5 26. f3 Rd4 27. Bb1 Ng6 28. Qf2 Bxe4 29. Bxe4 Nxe5 30. Rc1 Rc4 31. Rd1 f5 32. Bb1 Qc7 33. Qe3 Qc5 34. Qxc5 Rxc5 35. Kf2 Nc4 36. b4 Rc6 37. Bc2 Rd6 38. Rxd6 Nxd6 39. Bb3 Kf7 40. Ke3 Kf6 41. Kd4 Nb7 42. f4 g5 43. g3 gxf4 44. gxf4 Ke7 45. a4 Kd6 46. axb5 axb5 47. Bd1 Nd8 48. Be2 Nc6+ 49. Kc3 Ne7 50. Bxb5 Nd5+ 51. Kd4 Nxf4 52. Bf1 e5+ 53. Kc4 Nd5 54. Be2 e4 55. b5 f4 56. Kd4 f3 57. Bd1 Nf4 58. Ke3 Ke5 59. Bb3 Nd5+ 60. Kf2 Ne7 61. b6 Kf4 62. b7 e3+ 63. Ke1 f2+ 64. Ke2 Nc6 65. Bd5 Nb8 1/2-1/2

[Event "FISU WUMSCC Women 2024"]
[Site "Entebbe"]
[Date "2024.06.28"]
[Round "7.6"]
[White "Wijesuriya, G P Y"]
[Black "Djidjeli, Sarah"]
[Result "1-0"]
[ECO "B23"]
[WhiteElo "1833"]
[BlackElo "2043"]
[Annotator "NA RC"]
[PlyCount "83"]
[EventDate "2024.06.24"]
[EventType "swiss"]
[EventCountry "UGA"]
[SourceTitle "playchess.com"]
[Source "ChessBase"]
[SourceQuality "1"]
[TimeControl "5400+30"]

1. e4 c5 2. Nc3 Nc6 3. Nge2 e5 4. Nd5 Nf6 5. Nec3 d6 6. Bc4 Be7 7. O-O a6 8. a4 O-O 9. d3 Nxd5 10. Nxd5 Be6 11. f4 exf4 12. Bxf4 Nb4 13. Nxe7+ $11 Qxe7 14. c3 Nc6 15. Bd5 Ne5 16. d4 Ng6 17. Bg3 Bxd5 18. exd5 c4 19. Qf3 Rad8 20. Rae1 Qd7 21. h4 h6 22. h5 Nh8 23. Re4 Qxa4 24. Bh4 f6 25. Re7 Rd7 26. Rfe1 Rxe7 27. Rxe7 Rf7 28. Re6 Qa1+ 29. Kh2 Qxb2 30. Bg3 Qc2 31. Bxd6 Qd3 32. Re3 Qc2 33. Qg4 Qa4 34. Qc8+ Kh7 35. Re8 Ng6 36. hxg6+ Kxg6 37. Qg4+ Kh7 38. Qf5+ g6 39. Qc8 g5 40. Rh8+ Kg6 41. Bf8 Rh7 42. Rg8+ 1-0

[Event "FISU WUMSCC Women 2024"]
[Site "Entebbe"]
[Date "2024.06.28"]
[Round "7.7"]
[White "Nansubuga, Gloria"]
[Black "Tharushi, T H D Niklesha"]
[Result "0-1"]
[ECO "E20"]
[WhiteElo "1622"]
[BlackElo "1810"]
[Annotator "NA RC"]
[PlyCount "156"]
[EventDate "2024.06.24"]
[EventType "swiss"]
[EventCountry "UGA"]
[SourceTitle "playchess.com"]
[Source "ChessBase"]
[SourceQuality "1"]
[TimeControl "5400+30"]

1. d4 Nf6 2. c4 e6 3. Nc3 Bb4 4. Bd2 O-O 5. a3 Bxc3 6. Bxc3 d5 7. e3 b6 8. Nf3 Ne4 9. Qc2 Nd7 10. Bd3 Bb7 11. Rc1 Rc8 12. O-O f5 13. b4 Rf6 14. c5 Rh6 15. Bd2 c6 16. g3 g5 17. Ne1 Qe8 18. f3 Qh5 19. h4 Nxg3 20. Ng2 Nxf1 21. Rxf1 gxh4 22. e4 h3 23. Bxh6 h2+ 24. Kh1 Qxh6 25. Ne1 fxe4 26. fxe4 Rf8 27. Qg2+ Qg7 28. Rxf8+ Nxf8 29. Qxg7+ Kxg7 30. Kxh2 Nd7 31. e5 bxc5 32. bxc5 Nb8 33. Nf3 Ba6 34. Bc2 h6 35. Kg3 Be2 36. Nd2 Bh5 37. Nb3 Bg6 38. Bd1 Bd3 39. Na5 Kg6 40. Bg4 Bf5 41. Bd1 Bd3 42. Bg4 Kf7 43. Kh4 Bg6 44. Nb7 Ke7 45. Bh5 Bc2 46. Nd6 Na6 47. Nf7 Nc7 48. Nxh6 Nb5 49. Kg5 Nxa3 50. Kf4 Nc4 51. Be2 a5 52. Bxc4 dxc4 53. Ke3 c3 54. Ng8+ Kf8 55. Nf6 a4 56. d5 exd5 57. Kd4 Ke7 58. Kxc3 Bf5 59. Kb4 Ke6 60. Kxa4 Kxe5 61. Nh5 Kd4 62. Kb4 Ke3 63. Ng7 Bg4 64. Ne8 d4 65. Nd6 Be6 66. Ka5 d3 67. Kb6 d2 68. Kxc6 d1=Q 69. Kc7 Qc2 70. Nb7 Bd5 71. Kd6 Bxb7 72. c6 Qxc6+ 73. Ke7 Bc8 74. Kf8 Qc7 75. Kg8 Qe7 76. Kh8 Bf5 77. Kg8 Bg6 78. Kh8 Qf8# 0-1

[Event "FISU WUMSCC Women 2024"]
[Site "Entebbe"]
[Date "2024.06.28"]
[Round "7.8"]
[White "Bonno Thandi"]
[Black "Nampiima Esther"]
[Result "1-0"]
[ECO "B08"]
[WhiteElo "1573"]
[BlackElo "1522"]
[Annotator "NA RC"]
[PlyCount "165"]
[EventDate "2024.06.24"]
[EventType "swiss"]
[EventCountry "UGA"]
[SourceTitle "playchess.com"]
[Source "ChessBase"]
[SourceQuality "1"]
[TimeControl "5400+30"]

1. d4 d6 2. Bf4 Nf6 3. Nf3 g6 4. Nc3 Bg7 5. e4 O-O 6. Qd2 Bg4 7. Be2 Nbd7 8. Bh6 Bxf3 9. Bxf3 c6 10. Bxg7 Kxg7 11. h4 h5 12. O-O-O Qc7 13. Be2 b5 14. f3 Rh8 15. g4 b4 16. Nb1 Rab8 17. gxh5 Nxh5 18. f4 Ng3 19. Rhg1 Nxe2+ 20. Qxe2 Rxh4 21. f5 Rh6 22. fxg6 fxg6 23. Nd2 Qa5 24. Kb1 Rf8 25. Nf3 Kf7 26. e5 Kg7 27. Ng5 Rf5 28. exd6 e5 29. Qc4 Qd5 30. Qxd5 cxd5 31. dxe5 Rxe5 32. Nf3 Rf5 33. Nd4 Rf2 34. Rde1 Kf8 35. Rgf1 Rxf1 36. Rxf1+ Kg7 37. Rg1 Kf6 38. b3 Ke5 39. Nc6+ Kxd6 40. Nxb4 Nc5 41. Rg5 d4 42. Rd5+ Ke6 43. Rxc5 Rh5 44. Rxh5 gxh5 45. Nd3 h4 46. Nf2 Kf5 47. Kc1 Kf4 48. Kd1 Kf3 49. Ke1 Ke3 50. a4 Kf3 51. b4 Kf4 52. Ke2 Ke5 53. Kd3 Kd5 54. Nh3 Ke5 55. b5 Kd5 56. c3 dxc3 57. Kxc3 Kc5 58. Nf4 Kb6 59. Kb4 a6 60. a5+ Kb7 61. b6 Kc6 62. Kc4 Kb7 63. Kc5 Kb8 64. Kc6 Kc8 65. Kd6 Kb7 66. Kd7 Kb8 67. Ke6 Kb7 68. Kf5 Kb8 69. Kg4 Kb7 70. Kxh4 Kb8 71. Kg4 Kb7 72. Kf5 Kc6 73. Ke5 Kb7 74. Kd6 Kb8 75. Nd5 Kb7 76. Nb4 Kb8 77. Nxa6+ Kb7 78. Nc5+ Kc8 79. Nd7 Kb7 80. Nc5+ Kc8 81. b7+ Kb8 82. Kc6 Ka7 83. Nd7 1-0